AoeStats
← Manco Cápac

Fortress

507783863Analyzed
4v4 RM · 12d ago on Sep 19, 2026· 63m 13s· 8 players
Game mode
Random Map
Map size
Huge
Population
200
Speed
Normal
Resources
Standard
Victory
Conquest
Starting age
Dark Age
Ending age
Imperial Age
RankedLock teamsTeams togetherTeam positionsShared explorationLock speedFull tech treeHidden civsTurbo modeCheats
Victory
Defeat
🇷🇺 Malay · Russia
1167
+12
🇷🇺 Koreans · Russia
1147
+12
🇷🇺 Vietnamese · Russia
1114
+14
🇷🇺 Italians · Russia
1051
+16
🇨🇱 Spanish · Chile
1183
-19
🇨🇴 Sicilians · Colombia
1059
-13
🇨🇱 Maya · Chile
1054
-13
🇨🇱 Goths · Chile
952
-9
RafaelLoz
7:10 Loom
8:56 Feudal Age
10:41 Wheelbarrow
14:42 Castle Age
13:43 Double-Bit Axe
14:56 Forging
15:33 Scale Barding Armor
16:26 Bow Saw
20:31 Iron Casting
26:43 Imperial Age
26:07 Pikeman
26:47 Horse Collar
28:55 Squires
29:40 Scale Mail Armor
30:11 Heavy Plow
31:50 Crop Rotation
34:25 Halberdier
37:35 Blast Furnace
36:51 Chain Mail Armor
36:41 Anarchy
39:05 Two-Man Saw
40:46 Elite Huskarl
44:33 Hand Cart
47:37 Gold Mining
48:29 Fletching
53:12 Stone Mining
53:24 Town Watch
61:50 Padded Archer Armor
Atthoon
0:28 Loom
10:48 Feudal Age
11:57 Double-Bit Axe
12:23 Horse Collar
15:10 Castle Age
14:12 Wheelbarrow
14:25 Fletching
14:35 Padded Archer Armor
14:33 Town Watch
16:33 Bow Saw
17:40 Heavy Plow
18:40 Hand Cart
23:51 Imperial Age
21:19 Crossbowman
23:42 Thumb Ring
23:42 Bodkin Arrow
24:03 Leather Archer Armor
26:01 Chemistry
26:24 Ballistics
26:41 Bracer
29:42 Ring Archer Armor
31:14 Conscription
40:15 Scale Mail Armor
40:25 Forging
40:21 Eagle Warrior
41:02 Squires
40:50 Arson
41:22 Chain Mail Armor
41:52 Holcans
43:10 Elite Eagle Warrior
45:02 Plate Mail Armor
45:08 Iron Casting
57:36 Pikeman
59:28 Blast Furnace
59:51 Halberdier
RafaMath
1:54 Loom
7:57 Feudal Age
8:02 Loom
9:22 Wheelbarrow
12:41 Castle Age
11:03 Double-Bit Axe
11:38 Horse Collar
12:14 Town Watch
12:26 Gold Mining
15:21 Padded Archer Armor
26:12 Hand Cart
31:47 Bow Saw
35:01 Imperial Age
33:04 Leather Archer Armor
32:43 Fletching
32:43 Elite Skirmisher
33:50 Town Patrol
34:16 Thumb Ring
34:46 Ballistics
34:52 Bodkin Arrow
36:45 Chemistry
37:12 Two-Man Saw
36:51 Ring Archer Armor
36:21 Bracer
36:44 Conscription
40:27 Scale Mail Armor
40:38 Forging
41:09 Scale Barding Armor
41:56 Supremacy
41:55 Chain Mail Armor
42:17 Fortified Wall
43:10 Iron Casting
42:00 Light Cavalry
42:50 Bloodlines
42:40 Husbandry
43:18 Hussar
44:37 Chain Barding Armor
47:56 Blast Furnace
48:07 Plate Barding Armor
47:34 Heavy Plow
49:11 Plate Mail Armor
49:20 Bombard Tower
49:12 Masonry
53:16 Architecture
Manco Cápac
7:07 Feudal Age
9:16 Loom
12:41 Castle Age
11:05 Horse Collar
18:09 Wheelbarrow
17:48 Fletching
26:07 Imperial Age
25:10 Heavy Plow
29:24 Scale Barding Armor
29:30 Forging
29:16 Town Watch
30:59 Bloodlines
30:38 Capped Ram
32:23 Light Cavalry
34:33 Iron Casting
34:42 Husbandry
36:06 Conscription
35:56 Caravan
37:14 Hand Cart
37:16 Bodkin Arrow
38:22 Blast Furnace
38:53 Double-Bit Axe
40:18 Elite Serjeant
41:41 Scale Mail Armor
41:41 Bracer
43:31 Hoardings
44:30 Hauberk
44:44 Cavalier
58:21 Sanctity
58:13 Fervor
shamil.malikov97
6:27 Loom
8:26 Feudal Age
12:46 Castle Age
11:04 Double-Bit Axe
11:19 Gold Mining
12:06 Fletching
14:00 Bloodlines
14:13 Forging
14:15 Scale Barding Armor
17:31 Forging
21:22 Bow Saw
30:22 Imperial Age
28:27 Bodkin Arrow
30:23 Padded Archer Armor
30:19 Stone Mining
31:08 Wheelbarrow
30:20 Town Watch
30:21 Loom
32:03 Chatras
32:29 Bracer
33:13 Ballistics
34:08 Leather Archer Armor
34:22 Elite Rattan Archer
40:15 Caravan
41:01 Elite Battle Elephant
43:57 Ring Archer Armor
45:21 Stone Shaft Mining
48:25 Chain Barding Armor
48:40 Iron Casting
62:53 Two-Man Saw
Saladin
8:46 Feudal Age
9:20 Loom
12:39 Castle Age
10:35 Double-Bit Axe
10:45 Horse Collar
11:23 Gold Mining
13:24 Bow Saw
15:19 Heavy Plow
18:25 Fletching
19:57 Bodkin Arrow
29:06 Wheelbarrow
29:27 Gold Shaft Mining
32:36 Imperial Age
30:53 Forging
31:46 Scale Barding Armor
31:56 Husbandry
32:43 Iron Casting
32:45 Elite Battle Elephant
35:06 Blast Furnace
34:54 Caravan
35:26 Conscription
37:44 Crop Rotation
37:37 Treadmill Crane
39:06 Chemistry
42:13 Siege Engineers
44:22 Hand Cart
45:43 Elite Karambit Warrior
46:22 Stone Mining
47:39 Squires
48:45 Arson
58:36 Man-at-Arms
59:25 Forced Levy
59:13 Long Swordsman
61:29 Two-Handed Swordsman
azal873
7:35 Feudal Age
5:53 Loom
10:41 Double-Bit Axe
13:15 Castle Age
15:17 Fletching
17:33 Bodkin Arrow
28:19 Imperial Age
27:10 Ballistics
26:46 Murder Holes
26:33 Treadmill Crane
28:52 Forging
28:43 Scale Mail Armor
28:32 Arson
30:37 Wheelbarrow
31:23 Iron Casting
32:39 Squires
36:57 Chain Mail Armor
37:43 Blast Furnace
38:44 Plate Mail Armor
39:51 Horse Collar
41:11 Bracer
45:35 Bow Saw
45:43 Hand Cart
46:11 Silk Road
46:11 Conscription
48:05 Caravan
54:34 Chemistry
53:22 Arrowslits
53:28 Town Watch
54:45 Two-Man Saw
61:40 Pirotechnia
61:46 Masonry
61:57 Guilds
62:19 Coinage
63:52 Banking
hadji_andiyskiy
6:31 Loom
9:35 Feudal Age
10:40 Double-Bit Axe
13:59 Castle Age
12:56 Stone Mining
12:59 Gold Mining
13:03 Horse Collar
16:18 Fletching
17:48 Wheelbarrow
21:49 Bodkin Arrow
24:39 Ballistics
26:51 Bow Saw
32:22 Imperial Age
31:12 Hand Cart
30:46 Treadmill Crane
35:06 Chemistry
34:47 Bracer
35:33 Murder Holes
36:19 Conscription
36:01 Elite War Wagon
40:09 Shinkichon
48:58 Two-Man Saw
50:50 Caravan
54:50 Siege Engineers
Connection lost

Rejoining the realm…

Still unreachable

The connection could not be restored.

Session expired

The server has moved on; the page needs a fresh start.